 Dungeon Crawl Stone Soup version 0.20-a0-903-g7e3609c (webtiles) character file.

84 Rrauwl the Skirmisher (level 4, -6/38 HPs)
             Began as a Hill Orc Arcane Marksman on Mar 20, 2017.
             Was an Initiate of Okawaru.
             Mangled by Crazy Yiuf
             ... wielding a +4 quarterstaff of chaos
              (11 damage)
             ... on level 3 of the Dungeon.
             The game lasted 00:21:52 (3547 turns).

Rrauwl the Skirmisher (Hill Orc Arcane Marksman)    Turns: 3547, Time: 00:21:55

Health: -6/38      AC:  7    Str: 15    XL:     4   Next: 46%
Magic:  3/4        EV: 12    Int: 13    God:    Okawaru [......]
Gold:   100        SH:  0    Dex: 11    Spells: 4/5 levels left

rFire    . . .     SeeInvis .   c - +0 hand axe
rCold    + . .     Gourm    .   g - +1 leather armour
rNeg     . . .     Faith    .   (no shield)
rPois    .         Spirit   .   r - +2 hat
rElec    .         Reflect  .   (no cloak)
rCorr    .         Harm     .   (no gloves)
MR       .....                  k - +0 pair of boots
Stlth    +.........             (no amulet)
Regen    0.2/turn               (no ring)
MPRegen  0.1/turn               (no ring)

@: very slightly contaminated
A: cold resistance 1, low mp 1, strong 1
a: Renounce Religion


You were on level 3 of the Dungeon.
You worshipped Okawaru.
Okawaru was noncommittal.
You were not hungry.

You visited 1 branch of the dungeon, and saw 3 of its levels.

You collected 100 gold pieces.

Inventory:

Hand Weapons
 c - a +0 hand axe (weapon)
 o - a +0 blowgun
Missiles
 d - 6 javelins (quivered)
 e - 115 stones
Armour
 g - a +1 leather armour (worn)
 k - a +0 pair of boots (worn)
 r - a +2 hat (worn)
Scrolls
 a - 2 scrolls of amnesia {unknown}
 h - 4 scrolls of identify
 i - 2 scrolls of remove curse
 q - a scroll of recharging {unknown}
 t - a scroll of enchant weapon {unknown}
 u - a scroll of teleportation
Potions
 m - 2 potions of curing
Books
 b - a book of Debilitation

   Spells                             Type                      Level
   a - Corona                         Hexes                        1
   b - Slow                           Hexes                        2
   c - Inner Flame                    Hexes/Fire                   3
   d - Portal Projectile              Hexes/Translocation          3
   e - Cause Fear                     Hexes                        4
   f - Leda's Liquefaction            Hexes/Earth                  4
Comestibles
 f - 3 bread rations
 l - 5 fruits
 n - a chunk of flesh


   Skills:
 + Level 3.3 Fighting
 + Level 1.0 Axes
 - Level 2.0 Throwing
 + Level 1.9 Armour
 - Level 2.1 Dodging
 - Level 1.0 Spellcasting
 - Level 3.0 Hexes


You had 4 spell levels left.
You knew the following spells:

 Your Spells              Type           Power        Failure   Level  Hunger
a - Corona                Hex            #......      12%         1    ##.....


Dungeon Overview and Level Annotations

Branches:
Dungeon (3/15)

Altars:
Okawaru
Ru

Annotations:
D:3 Crazy Yiuf


Innate Abilities, Weirdness & Mutations

Your flesh is cold resistant. (rC+)
Your magical capacity is low. (-10% MP)
Your muscles are strong. (Str +2)


Message History

Crazy Yiuf barely misses you.
You hit Crazy Yiuf but do no damage.
Crazy Yiuf is lightly wounded.
Crazy Yiuf hits you but does no damage.
Crazy Yiuf grits, "Buddy childish action!"
Crazy Yiuf hits you but does no damage.
Casting: Corona
Confirm with . or Enter, or press ? or * to list all spells.
Aiming: Corona
Press: ? - help, Shift-Dir - straight line, f/p - Crazy Yiuf
Aim: Crazy Yiuf, wielding a quarterstaff of chaos and wearing a cloak (lightly wounded, chance to defeat MR: 51%) Crazy Yiuf is outlined in light.
You hit Crazy Yiuf.
Crazy Yiuf is moderately wounded.
Crazy Yiuf hits you with a quarterstaff of chaos!
* * * LOW HITPOINT WARNING * * *
Crazy Yiuf burns you.
* * * LOW HITPOINT WARNING * * *
Crazy Yiuf hits you with a quarterstaff of chaos!
You die...

#..# #.## #####.......# ## #..#
##.## #<......# #. #..# #...##
#.......####. #..# #....#
#.......#.... ##.# ##..## ###
#.......#.... #.###....####.#
#.......#.... #.............#
###....##.... #.....#...#g..#
#........... #.....#####.@.#
#...........
#.............####...........
##...........................
#......................####.
#........................##.
####.............####.##.##....
#................###..#...#....
#..................#...........
#..................#...._......


You could see Crazy Yiuf.

Vanquished Creatures
  An adder (D:3)
  A worm (D:2)
  A dart slug (D:1)
  5 leopard geckos
  3 orcs (D:3)
  A ball python (D:2)
  5 goblins
  9 hobgoblins
  2 jackals (D:2)
  9 bats
  10 frilled lizards
  6 kobolds
  9 rats
62 creatures vanquished.

Notes
Turn   | Place    | Note
-------+----------+-------------------------------------------
     0 | D:1      | Rrauwl the Hill Orc Arcane Marksman began the quest for the Orb.
     0 | D:1      | Reached XP level 1. HP: 16/16 MP: 2/2
   437 | D:1      | Reached XP level 2. HP: 23/24 MP: 1/3
  1055 | D:1      | Reached XP level 3. HP: 29/30 MP: 4/4
  1673 | D:2      | Reached skill level 1 in Armour
  2568 | D:3      | Reached XP level 4. HP: 26/38 MP: 2/5
  2840 | D:3      | Found an iron altar of Okawaru.
  2850 | D:3      | Became a worshipper of Warmaster Okawaru
  3100 | D:3      | Reached skill level 1 in Axes
  3340 | D:3      | Found a runed door.
  3400 | D:3      | Found a sacrificial altar of Ru.
  3513 | D:3      | Gained mutation: Your flesh is cold resistant. (rC+) [potion of mutation]
  3513 | D:3      | Gained mutation: Your magical capacity is low. (-10% MP) [potion of mutation]
  3513 | D:3      | Gained mutation: Your muscles are strong. (Str +2) [potion of mutation]
  3514 | D:3      | Noticed Crazy Yiuf
  3547 | D:3      | Mangled by Crazy Yiuf

Vault maps used:
D:1:      dpeg_arrival_boxorama, interstate_on_off
D:3:      okawaru_gym_becter, hangedman_ru_absence, uniq_crazy_yiuf_cottage

Skill      XL: |  1  2  3  4 |
---------------+-------------+-----
Throwing       | 2 |  2.0
Fighting       | 2 3 |  3.3
Dodging        | 2 |  2.1
Armour         | 1 |  1.9
Axes           | 1 |  1.0
Spellcasting   | |  1.0
Hexes          | |  3.0

Action                   |  1- 3 |  4- 6 || total
-------------------------+-------+-------++-------
Melee: Unarmed           |   182 |       ||   182
       Blowgun           |     1 |     4 ||     5
       Hand axe          |       |    60 ||    60
 Fire: Blowgun           |     5 |     5 ||    10
Throw: Javelin           |    59 |     3 ||    62
       Throwing net      |     1 |     1 ||     2
 Cast: Corona            |    35 |     3 ||    38
  Use: Scroll            |     5 |     1 ||     6
       Potion            |     6 |     3 ||     9
 Stab: Invisible         |       |     2 ||     2
  Eat: Chunk             |     2 |     1 ||     3
       Meat ration       |     1 |     1 ||     2
       Fruit             |     1 |       ||     1
Armor: Leather armour    |   108 |    24 ||   132
Dodge: Dodged            |   184 |    43 ||   227
